 Dungeon Crawl Stone Soup version 0.21.1-1-g345015fe64 (webtiles) character file.

854 Oravi the Changer (level 8, -16/54 HPs)
             Began as a Merfolk Transmuter on May 1, 2018.
             Demolished by a gnoll
             ... wielding a +2 halberd of freezing
              (20 damage)
             ... on level 5 of the Dungeon.
             The game lasted 00:14:06 (3845 turns).

Oravi the Changer (Merfolk Transmuter)              Turns: 3845, Time: 00:14:06

Health: -16/54     AC:  2    Str: 11    XL:     8   Next: 1%
Magic:  9/11       EV: 16    Int: 14    God:
Gold:   162        SH:  0    Dex: 14    Spells: 5/11 levels left

rFire    . . .     SeeInvis .     - Unarmed
rCold    . . .     Gourm    .   (no shield)
rNeg     . . .     Faith    .   l - +0 robe (curse)
rPois    .         Spirit   .   (no helmet)
rElec    .         Reflect  .   (no cloak)
rCorr    .         Harm     .   (no gloves)
MR       .....                  (no boots)
Stlth    +.........             (no amulet)
HPRegen  0.18/turn              (no ring)
MPRegen  0.12/turn              (no ring)

@: no status effects
A: change form in water, swift swim, stealthy swim
a: no special abilities


You were on level 5 of the Dungeon.
You were not hungry.

You visited 1 branch of the dungeon, and saw 5 of its levels.

You collected 162 gold pieces.

Inventory:

Hand Weapons
 j - a +3 spear of flaming
Missiles
 a - 27 arrows
 i - 125 stones (quivered)
 s - a throwing net
 u - 5 tomahawks of returning
Armour
 b - a +0 robe
 l - a cursed +0 robe (worn)
 p - a +3 leather armour of cold resistance
Jewellery
 t - an uncursed ring of protection from fire {unknown}
Wands
 x - a wand of random effects (37)
Scrolls
 e - 3 scrolls of remove curse
 f - a scroll of magic mapping
 g - 2 scrolls of blinking
 v - a scroll of teleportation
 y - a scroll of noise {unknown}
Potions
 h - 4 potions of might {unknown}
 k - a potion of flight {unknown}
 m - a potion of heal wounds
 n - a potion of lignification {unknown}
 o - a potion of curing {unknown}
 q - a potion of agility {unknown}
 r - 2 potions of haste {unknown}
 A - a potion of brilliance {unknown}
Books
 c - a book of Changes

   Spells                             Type                      Level
   a - Beastly Appendage              Transmutation                1
   b - Sticks to Snakes               Transmutation                2
   c - Spider Form                    Transmutation/Poison         3
   d - Ice Form                       Ice/Transmutation            4
   e - Blade Hands                    Transmutation                5
 w - a book of Maledictions

   Spells                             Type                      Level
   a - Corona                         Hexes                        1
   b - Ensorcelled Hibernation        Hexes/Ice                    2
   c - Confuse                        Hexes                        3
   d - Tukima's Dance                 Hexes                        3
   e - Dazzling Spray                 Conjuration/Hexes            3
Comestibles
 d - 6 rations
 z - 4 chunks of flesh


   Skills:
 - Level 1.1 Fighting
 + Level 6.6 Dodging
 + Level 6.1 Unarmed Combat
 - Level 2.0 Spellcasting
 + Level 6.7 Transmutations
 - Level 3.0 Poison Magic


You had 5 spell levels left.
You knew the following spells:

 Your Spells              Type           Power        Failure   Level  Hunger
a - Beastly Appendage     Tmut           ###...       1%          1    ##.....
b - Sticks to Snakes      Tmut           ###.....     2%          2    ###....
c - Spider Form           Tmut/Pois      ###.......   10%         3    ####...


Dungeon Overview and Level Annotations

Branches:
Dungeon (5/15)
 Temple: D:4-7

Altars:
Uskayaw


Message History

The gnoll is heavily wounded.
The gnoll hits you with a halberd of freezing!
The gnoll freezes you.
You are too injured to fight recklessly!
The gnoll closely misses you.
The gnoll hits you from afar with a halberd of freezing!
* * * LOW HITPOINT WARNING * * *
The gnoll freezes you.
* * * LOW HITPOINT WARNING * * *
Things that are here:
a spear; a leather armour; a gnoll corpse Your transformation has ended.
Your cursed +0 robe unmelds from your body.
The gnoll misses you.
The gnoll hits you from afar with a halberd of freezing.
* * * LOW HITPOINT WARNING * * *
The gnoll freezes you.
* * * LOW HITPOINT WARNING * * *
The gnoll hits you from afar with a halberd of freezing!!
You die...

#....#)#
#.##.#g#
#.##.#.#
#......#
####g### #.#
############
#g#
#..........#
#.#
#..........#
#@#
#..........#
#.#
#..........#
#.#
#..........#
#.#
#.........)#
#.#
#..........#
#.#
##..........#
#.#
.'..........#
#.#
##..........#
#.#


You could see 2 gnolls.

Vanquished Creatures
  The ghost of Oravi the Changer, an amateur MfTm (D:4)
  Duvessa (D:4)
  A centaur (D:5)
  Dowan (D:4)
  A scorpion (D:2)
  A gnoll shaman (D:5)
  A bullfrog skeleton (D:4)
  2 worker ants (D:4)
  3 orc wizards
  7 adders
  8 gnolls
  A howler monkey skeleton (D:4)
  A shadow imp (D:5)
  A worm (D:3)
  A dart slug (D:1)
  8 leopard geckos
  13 orcs
  2 ball pythons
  4 giant cockroaches
  5 hobgoblins
  4 kobolds
  A quokka (D:2)
  6 bats
  3 frilled lizards
  9 goblins
  A leopard gecko skeleton (D:5)
  10 rats
97 creatures vanquished.

Vanquished Creatures (collateral kills)
  An orc (D:3)
1 creature vanquished.

Grand Total: 98 creatures vanquished

Notes
Turn   | Place    | Note
-------+----------+-------------------------------------------
     0 | D:1      | Oravi the Merfolk Transmuter began the quest for the Orb.
     0 | D:1      | Reached XP level 1. HP: 15/15 MP: 3/3
   116 | D:1      | Reached XP level 2. HP: 19/21 MP: 5/5
   133 | D:1      | Learned a level 2 spell: Sticks to Snakes
   613 | D:1      | Reached XP level 3. HP: 14/26 MP: 4/6
   618 | D:1      | Learned a level 3 spell: Spider Form
  1102 | D:2      | Reached XP level 4. HP: 20/32 MP: 3/7
  1258 | D:2      | Reached skill level 1 in Poison Magic
  1293 | D:2      | Found a hide-covered altar of Uskayaw.
  1328 | D:2      | Reached XP level 5. HP: 37/37 MP: 1/8
  2453 | D:3      | Reached XP level 6. HP: 40/43 MP: 1/9
  2903 | D:4      | Reached skill level 5 in Transmutations
  2905 | D:4      | Reached skill level 5 in Dodging
  2905 | D:4      | Reached skill level 5 in Unarmed Combat
  3130 | D:4      | Reached XP level 7. HP: 48/48 MP: 3/10
  3175 | D:4      | Noticed Oravi's ghost (amateur MfTm)
  3204 | D:4      | Killed Oravi's ghost
  3310 | D:4      | Noticed Duvessa
  3313 | D:4      | Noticed Dowan
  3322 | D:4      | Killed Duvessa
  3334 | D:4      | Killed Dowan
  3630 | D:5      | Entered Level 5 of the Dungeon
  3831 | D:5      | Reached XP level 8. HP: 37/54 MP: 8/11
  3845 | D:5      | Demolished by a gnoll

Skill      XL: |  1  2  3  4  5  6  7 |
---------------+----------------------+-----
Dodging        | 3 4 5 6 |  6.6
Transmutations | 3 4 5 6 |  6.7
Unarmed Combat | 4 5 6 |  6.1
Poison Magic   | 1 2 3 |  3.0
Fighting       | |  1.1
Spellcasting   | |  2.0

Action                   |  1- 3 |  4- 6 |  7- 9 || total
-------------------------+-------+-------+-------++-------
Melee: Unarmed           |    99 |   146 |    50 ||   295
       Headbutt          |     7 |     3 |       ||    10
       Punch             |       |     1 |       ||     1
Throw: Stone             |    65 |    19 |       ||    84
 Cast: Beastly Appendage |    17 |     2 |       ||    19
       Spider Form       |     2 |    26 |     7 ||    35
       Sticks to Snakes  |       |     1 |     3 ||     4
  Use: Scroll            |     4 |     1 |       ||     5
 Stab: Sleeping          |       |     3 |       ||     3
  Eat: Chunk             |     1 |    11 |     4 ||    16
Armor: Robe              |    18 |     5 |       ||    23
       Skin              |       |     4 |       ||     4
Dodge: Dodged            |    81 |   116 |    61 ||   258
